 Dungeon Crawl Stone Soup version 0.29-a0-344-ge2f44be95a (webtiles) character file.

Game seed: 4193325164116168564

979 Ijustatesigmund the Thaumaturge (level 7, -2/36 HPs)
             Began as a Deep Elf Conjurer on Apr 22, 2022.
             Slain by a two-headed ogre
             ... wielding a +0 giant club
              (9 damage)
             ... on level 5 of the Dungeon.
             The game lasted 00:12:15 (6085 turns).

Ijustatesigmund the Thaumaturge (Deep Elf Conjurer) Turns: 6085, Time: 00:12:17

Health: -2/36      AC: 10    Str:  4    XL:     7   Next: 96%
Magic:  8/20       EV: 12    Int: 25    God:
Gold:   257        SH:  0    Dex: 13    Spells: 16/22 levels left

rFire   . . .      SeeInvis .   d - +0 rapier (freeze)
rCold   . . .      Faith    .   (no shield)
rNeg    . . .      Spirit   .   a - +0 robe
rPois   +          Reflect  .   (no helmet)
rElec   .          Harm     .   f - +1 cloak
rCorr   .          Rampage  .   k - +1 pair of gloves
Will    .....                   (no boots)
Stlth   ++........              (no amulet)
HPRegen 0.12/turn               c - +4 ring of protection
MPRegen 0.17/turn               u - ring of poison resistance

@: no status effects
A: no striking features
a: no special abilities


You were on level 5 of the Dungeon.
You visited 1 branch of the dungeon, and saw 5 of its levels.
You also visited: Sewer.

You collected 257 gold pieces.

Inventory:

Hand Weapons
 d - a +0 rapier of freezing (weapon)
Armour
 a - a +0 robe (worn)
 f - a +1 cloak (worn)
 k - a +1 pair of gloves (worn)
Jewellery
 c - a +4 ring of protection (left hand)
 e - a ring of willpower
 o - a ring of protection from cold
 r - a ring of protection from fire
 u - a ring of poison resistance (right hand)
Scrolls
 h - 2 scrolls of fear
 i - 3 scrolls of teleportation
 p - 4 scrolls of immolation
 q - 2 scrolls of fog
Potions
 b - a potion of magic
 g - a potion of resistance
 j - 8 potions of flight
 l - 3 potions of attraction
 m - a potion of might
 n - a potion of heal wounds {unknown}
 s - a potion of cancellation {unknown}
 t - a potion of berserk rage {unknown}


   Skills:
 - Level 2.4 Dodging
 - Level 2.4 Stealth
 + Level 8.2 Spellcasting
 + Level 7.7 Conjurations
 - Level 2.7 Transmutations
 - Level 2.8 Poison Magic


You had 16 spell levels left.
You knew the following spells:

 Your Spells              Type           Power      Damage    Failure   Level
a - Magic Dart            Conj           100%       1d8       1%          1
b - Searing Ray           Conj           96%        2d7       1%          2
c - Spider Form           Tmut/Pois      24%        N/A       5%          3

Your spell library contained the following spells:

 Spells                   Type           Power      Damage    Failure   Level
 Dazzling Flash           Conj/Hex       58%        N/A       3%          3
 Mephitic Cloud           Conj/Pois/Air  27%        N/A       4%          3
 Animate Skeleton         Necr           20%        N/A       6%          1
 Pain                     Necr           40%        1d6       6%          1
 Ensorcelled Hibernation  Hex/Ice        20%        N/A       9%          2
 Ignite Poison            Fire/Tmut/Pois 19%        N/A       9%          3
 Fulminant Prism          Conj/Hex       14%        3d9       12%         4
 Iskenderun's Mystic Bla  Conj/Tloc      29%        2d7       12%         4
 Vampiric Draining        Necr           10%        2d6       19%         3
 Freezing Cloud           Conj/Ice/Air   11%        6-21      50%         5
 Anguish                  Hex/Necr       5%         N/A       52%         4


Dungeon Overview and Level Annotations

Branches:
Dungeon (5/15)              Sewer (visited)
 Temple: D:4-7

Altars:
Fedhas
Uskayaw


Message History

The searing ray hits the orc!
You kill the orc!
You finish channelling your searing ray.
You hear a shout! x2
Casting: Searing Ray (safe; 1% risk of failure)
Confirm with . or Enter, or press ? or * to list all spells.
Aiming: Searing Ray (safe; 1% risk of failure)
Press: ? - help, Shift-Dir - straight line, f - two-headed ogre
Aim: a two-headed ogre, wielding two +0 giant clubs (92% to hit)
The searing ray hits the two-headed ogre!
The two-headed ogre is moderately wounded. (Press . to maintain the ray.)
The searing ray hits the orc.
The orc is moderately wounded.
The searing ray hits the two-headed ogre!
The two-headed ogre is moderately wounded.
The searing ray hits the orc!
You kill the orc!
The searing ray hits the two-headed ogre.
The two-headed ogre is heavily wounded.
The searing ray hits the two-headed ogre.
The two-headed ogre is heavily wounded.
You finish channelling your searing ray.
The two-headed ogre misses you. The two-headed ogre closely misses you.
Casting: Searing Ray (safe; 1% risk of failure)
Confirm with . or Enter, or press ? or * to list all spells.
Aiming: Searing Ray (safe; 1% risk of failure)
Press: ? - help, Shift-Dir - straight line, f/p - two-headed ogre
Aim: a two-headed ogre, wielding two +0 giant clubs (heavily wounded, 92% to hit)
The searing ray hits the two-headed ogre!
The two-headed ogre is severely wounded. (Press . to maintain the ray.)
An ufetubus comes into view.
The searing ray hits the two-headed ogre.
The two-headed ogre is severely wounded.
The two-headed ogre hits you with a +0 giant club!!
Ouch! That really hurt!
* * * LOW HITPOINT WARNING * * *
The two-headed ogre hits you with a +0 giant club!
You die...

. #.# ... .. ...
... #.. ... .....
....###.##.#...
..oo.!.........
###..o..5.......
... #)# ...>. #..
#O#......
###..###@#......
................
##.............
##.##.###.#...
###.....##.#...
#......^......
###.##.###.##. #.
#.# #.##...
####.##.###.#......


You could see a two-headed ogre and an ufetubus.

Vanquished Creatures
  Grinder (D:4)
  A steam dragon (D:4)
  A water moccasin (D:4)
  A scorpion (D:4)
  A necrophage (D:4)
  2 hounds
  An orc priest (D:4)
  An orc wizard (D:2)
  3 gnolls (D:3)
  5 river rats (Sewer)
  11 adders
  2 worms
  6 dart slugs
  19 orcs
  8 bats
  11 endoplasms
  3 giant cockroaches
  7 goblins
  5 hobgoblins
  10 jackals
  2 quokkas
  13 ball pythons
  7 frilled lizards
  9 kobolds
  4 rats
134 creatures vanquished.

Notes
Turn   | Place    | Note
-------+----------+-------------------------------------------
     0 | D:1      | Ijustatesigmund the Deep Elf Conjurer began the quest for
                  | the Orb.
     0 | D:1      | Reached XP level 1. HP: 10/10 MP: 6/6
   144 | D:1      | Found a faded altar of an unknown god.
   215 | D:1      | Reached XP level 2. HP: 6/15 MP: 2/8
   386 | D:1      | Learned a level 2 spell: Searing Ray
  1040 | D:2      | Reached skill level 4 in Spellcasting
  1104 | D:2      | Reached skill level 5 in Conjurations
  1104 | D:2      | Reached XP level 3. HP: 19/19 MP: 5/10
  1345 | D:2      | Learned a level 3 spell: Spider Form
  1851 | D:2      | Reached XP level 4. HP: 24/24 MP: 8/12
  2030 | D:2      | Reached skill level 1 in Poison Magic
  2237 | D:2      | Reached skill level 1 in Transmutations
  2366 | D:3      | Reached XP level 5. HP: 22/28 MP: 8/14
  2493 | D:3      | Reached skill level 5 in Spellcasting
  2703 | D:3      | Found a glowing drain.
  2712 | Sewer    | Entered a sewer
  3353 | Sewer    | Reached XP level 6. HP: 28/32 MP: 10/16
  4919 | D:4      | Reached skill level 6 in Spellcasting
  5038 | D:4      | Found a hide-covered altar of Uskayaw.
  5139 | D:4      | Noticed a water moccasin
  5144 | D:4      | Killed a water moccasin
  5145 | D:4      | Reached XP level 7. HP: 36/36 MP: 10/18
  5254 | D:4      | Found a blossoming altar of Fedhas.
  5341 | D:4      | Noticed Grinder
  5352 | D:4      | Killed Grinder
  5353 | D:4      | Reached skill level 7 in Spellcasting
  5475 | D:4      | Noticed a steam dragon
  5482 | D:4      | Killed a steam dragon
  5492 | D:4      | Reached skill level 8 in Spellcasting
  6003 | D:5      | Entered Level 5 of the Dungeon
  6078 | D:5      | Noticed a two-headed ogre
  6085 | D:5      | Slain by a two-headed ogre

Illustrated notes

Levels and vault maps discovered:
D:1:      lemuel_arrival_broad_hall, layout_rooms, ebering_ecumenical_altar_hall
D:2:      layout_loops_cross, st_stairs_4, minmay_hexomino_c4
D:3:      layout_basic, cheibrodos_sewer_entry_bend
D:4:      layout_basic, mainiacjoe_overflow_concentric_impassable,
          lemuel_round_altar, uniq_grinder
D:5:      layout_basic, serial_shops, shop

Skill      XL: |  1  2  3  4  5  6  7 |
---------------+----------------------+-----
Spellcasting   | 4 5 6 8 |  8.2
Conjurations   | 5 6 7 |  7.7
Poison Magic   | 1 2 |  2.8
Transmutations | 1 2 |  2.7
Dodging        | |  2.4
Stealth        | |  2.4

Action                   |  1- 3 |  4- 6 |  7- 9 || total
-------------------------+-------+-------+-------++-------
Melee: Short sword       |       |     4 |       ||     4
       Rapier            |       |    12 |     4 ||    16
 Cast: Magic Dart        |    74 |   121 |    31 ||   226
       Searing Ray       |     2 |    14 |     7 ||    23
       Spider Form       |       |     1 |       ||     1
  Use: Scroll            |     8 |     4 |       ||    12
 Stab: Sleeping          |       |     1 |     1 ||     2
Armor: Robe              |     5 |    59 |    12 ||    76
Dodge: Dodged            |     6 |    65 |    16 ||    87

Table legend: (Time is in decaauts)
 A = Elapsed time spent in this place.
 B = Non-inter-level travel time spent in this place.
 C = Inter-level travel time spent in this place.
 D = Time resting spent in this place.
 E = Time spent auto-exploring this place.
 F = Levels seen in this place.
 G = Mean time per level.
                   A        B        C        D        E       F      G
               +--------+--------+--------+--------+--------+-----+--------+
         Total |   6242 |   6174 |     68 |   1236 |   4222 |   6 | 1040.3 |
       Dungeon |   4993 |   4925 |     68 |    760 |   3597 |   5 |  998.6 |
         Sewer |   1249 |   1249 |      0 |    476 |    625 |   1 | 1249.0 |
               +--------+--------+--------+--------+--------+-----+--------+

Top non-repeatable levels by time:
     D:4: 1503 daAuts
     D:2: 1394 daAuts
   Sewer: 1249 daAuts
     D:3: 1062 daAuts
     D:1: 951 daAuts
     D:5: 81 daAuts
